 Dungeon Crawl Stone Soup version 0.18-a0-1643-gb89d9db (webtiles) character file.

1577 4thArraOfDagon the Basher (level 8, -3/83 HPs)
             Began as an Ogre Hunter on Mar 28, 2016.
             Was a Priest of Okawaru.
             Slain by a giant frog zombie (6 damage)
             ... on level 10 of the Dungeon.
             The game lasted 00:12:07 (2510 turns).

4thArraOfDagon the Basher (Ogre Hunter)             Turns: 2510, Time: 00:12:08

Health: -3/83      AC:  3    Str: 18    XL:     8   Next: 91%
Magic:  8/9        EV: 13    Int: 14    God:    Okawaru [***...]
Gold:   110        SH:  0    Dex: 10    Spells: 0 memorised, 7 levels left

rFire  + . .     SeeInvis .     C - -1 giant club (curse)
rCold  . . .     Gourm    .     b - +0 robe
rNeg   . . .     Faith    .     (shield currently unavailable)
rPois  .         Spirit   .     (helmet restricted)
rElec  .         Dismiss  .     (no cloak)
rCorr  .         Reflect  .     (gloves unavailable)
SustAt .         Harm     .     (boots unavailable)
MR     .....                    (no amulet)
Stlth  +++.......               A - ring of protection from fire
                                v - ring of stealth

@: heroism, not resistant to hostile enchantments, fairly stealthy
A: unfitting armour, clever 1, low mp 1, tough skin 1, MP-powered wands
a: Heroism, Renounce Religion


You were on level 10 of the Dungeon.
You worshipped Okawaru.
Okawaru was most pleased with you.
You were full.

You visited 1 branch of the dungeon, and saw 9 of its levels.

You collected 284 gold pieces.
You spent 174 gold pieces at shops.

Inventory:

Hand Weapons
 l - a +4 flail
 C - a cursed -1 giant club (weapon)
Missiles
 c - a large rock (quivered)
 d - a throwing net
 F - 3 poisoned javelins
Armour
 b - a +0 robe (worn)
 w - a +0 large shield
Jewellery
 r - an uncursed ring of sustain attributes
 v - a ring of stealth (left hand)
 A - a ring of protection from fire (right hand)
Wands
 j - a wand of acid (3/15)
Scrolls
 h - a scroll of fog
 k - a scroll of teleportation
 m - 2 scrolls of recharging
 n - 2 scrolls of noise
 u - 2 scrolls of magic mapping
 y - 3 scrolls of fear
 D - a scroll of immolation
Potions
 a - a potion of brilliance
 e - 5 potions of might
 g - 2 potions of lignification
 i - 3 potions of invisibility
 o - 3 potions of flight
 p - 2 potions of berserk rage
 t - 3 potions of curing
 z - 2 potions of heal wounds
 B - a potion of cure mutation
 H - a potion of cancellation
 I - a potion of resistance {unknown}
Books
 G - a book of Dreams

   Spells                             Type                      Level
   a - Ensorcelled Hibernation        Hexes/Ice                    2
   b - Silence                        Hexes/Air                    5
   c - Darkness                       Hexes                        6
   d - Shadow Creatures               Summoning                    6
Comestibles
 f - 4 bread rations
 q - 3 beef jerkies
 s - a royal jelly
 E - 5 slices of pizza
 J - 3 meat rations


   Skills:
 + Level 5.8(10.8) Fighting
 * Level 8.0(13.0) Maces & Flails
 - Level 4.0(9.0) Throwing
 * Level 4.5(9.5) Armour
 + Level 3.9(8.9) Dodging
 - Level 0.7(5.7) Stealth
 + Level 4.0 Invocations


You had 7 spell levels left.
You didn't know any spells.

Dungeon Overview and Level Annotations

Branches:
Dungeon (10/15)            Temple (0/1) D:4
   Lair: D:8-11         Orc: D:9-12

Altars:
Ashenzari
Cheibriados
Kikubaaqudgha
Okawaru
Pakellas
Ru
Trog
Zin

Shops:
D:4 **   D:6 *

Annotations:
D:10 Chiseanne's ghost, novice DsMo


Innate Abilities, Weirdness & Mutations

You are too large for most types of armour.
You have tough skin (AC +1).
Your mind is acute. (Int +2)
Your magical capacity is low (-10% MP).
You expend magic power (3 MP) to strengthen your wands.


Message History

You kill the giant frog!
Okawaru accepts your kill.
Your base Maces & Flails skill increases to level 8!
Unknown command.
Unknown command.
Unknown command.
You closely miss the giant frog zombie. The giant frog zombie hits you.
* * * LOW HITPOINT WARNING * * *
You closely miss the giant frog zombie. The giant frog zombie hits you!
* * * LOW HITPOINT WARNING * * *
The giant frog zombie hits you.
* * * LOW HITPOINT WARNING * * *
Unknown command.
Throwing (i - inventory. (,) - cycle):
c - 2 large rocks (quivered)
Press: ? - help, Shift-Dir - straight line, f - giant frog zombie
Aim: a giant frog zombie You throw a large rock.
The large rock barely misses the giant frog zombie.
The giant frog zombie hits you.
You die...

,,,,,,**,,,**,,,,,,,,,,*
,,,,,,****,,+,,,,......#
,,,,,,* ****,,,,.(...(#
,,>,,,* *,,,,......#
,,,,,,* *,,,,(.....#
******* *,,,,......#
*,,,,......#
***##Z...#** ###@.###*
******* #...[..# *,,,,,,
*************#......#
*,,,,,,
*,,,,,,,,,,,,+......#
*,,,,,,
,,***********#......#
*,,,,,, *** #......#
*,,,,,, #......#****
*,,,,,,
#......+,,,***,,,,,,
#...(..#**,,,*,,,,,,


You could see a giant frog zombie.

Vanquished Creatures
  A yak (D:9)
  2 wraiths (D:10)
  A human (D:9)
  An orc warrior (D:6)
  A black bear (D:10)
  An ogre (D:6)
  A centaur (D:6)
  A giant frog (D:10)
  A scorpion (D:4)
  A howler monkey (D:6)
  2 crimson imps (D:5)
  A hound (D:5)
  Jessica (D:3)
  2 giant frog skeletons
  7 worker ants
  3 sheep (D:9)
  A hound skeleton (D:5)
  7 adders
  An adder skeleton (D:9)
  A dart slug (D:1)
  2 giant geckos
  4 orcs
  2 ball pythons
  2 bats
  2 giant cockroaches
  3 hobgoblins
  3 quokkas
  2 giant newts
  6 kobolds
  A quokka skeleton (D:4)
  A quokka zombie (D:5)
  2 rats
67 creatures vanquished.

Notes
Turn   | Place    | Note
--------------------------------------------------------------
     0 | D:1      | 4thArraOfDagon the Ogre Hunter began the quest for the Orb.
     0 | D:1      | Reached XP level 1. HP: 22/22 MP: 1/1
   108 | D:1      | Reached skill level 1 in Maces & Flails
   223 | D:2      | Reached XP level 2. HP: 29/31 MP: 2/2
   263 | D:2      | Found an iron altar of Okawaru.
   267 | D:2      | Became a worshipper of Warmaster Okawaru
   323 | D:2      | Found a shattered altar of Ashenzari.
   331 | D:2      | Found a glowing silver altar of Zin.
   350 | D:2      | Found an oddly glowing altar of Pakellas.
   381 | D:2      | Reached skill level 2 in Maces & Flails
   393 | D:2      | Found a snail-covered altar of Cheibriados.
   486 | D:3      | Reached XP level 3. HP: 37/37 MP: 3/3
   562 | D:4      | Noticed a scorpion
   571 | D:4      | Killed a scorpion
   571 | D:4      | Reached skill level 3 in Maces & Flails
   571 | D:4      | Reached XP level 4. HP: 37/45 MP: 4/4
   584 | D:4      | Reached skill level 1 in Armour
   650 | D:4      | Reached skill level 1 in Invocations
   695 | D:4      | Reached XP level 5. HP: 51/54 MP: 5/5
   698 | D:4      | Found Rofasuti's Assorted Antiques.
   724 | D:4      | Bought a scroll labeled VUXAAHI HACAI for 25 gold pieces
   724 | D:4      | Bought a scroll of identify for 50 gold pieces
   756 | D:3      | Noticed Jessica
   771 | D:3      | Killed Jessica
   771 | D:3      | Reached * piety under Okawaru
   771 | D:3      | Reached skill level 4 in Maces & Flails
  1004 | D:4      | Found Diddin's General Store.
  1012 | D:4      | Bought a potion of heal wounds for 55 gold pieces
  1012 | D:4      | Bought a potion of lignification for 33 gold pieces
  1012 | D:4      | Bought a scroll of noise for 11 gold pieces
  1066 | D:4      | Found a staircase to the Ecumenical Temple.
  1091 | D:5      | Entered Level 5 of the Dungeon
  1104 | D:5      | Found a sacrificial altar of Ru.
  1128 | D:5      | Reached XP level 6. HP: 53/62 MP: 7/7
  1186 | D:5      | Found a bloodstained altar of Trog.
  1266 | D:6      | Found an ancient bone altar of Kikubaaqudgha.
  1309 | D:6      | Reached skill level 5 in Maces & Flails
  1612 | D:6      | Reached XP level 7. HP: 71/71 MP: 5/8
  1642 | D:6      | Reached ** piety under Okawaru
  1791 | D:5      | Reached skill level 6 in Maces & Flails
  1955 | D:6      | Found Tisirerr's General Store.
  2074 | D:6      | You fall through a shaft for 3 floors!
  2143 | D:10     | Entered Level 10 of the Dungeon
  2169 | D:10     | Noticed a wraith
  2183 | D:10     | Killed a wraith
  2183 | D:10     | Reached skill level 5 in Fighting
  2183 | D:10     | Reached XP level 8. HP: 63/80 MP: 8/10
  2227 | D:10     | Noticed a hill giant
  2227 | D:10     | Noticed Chiseanne's ghost (novice DsMo)
  2265 | D:9      | Noticed a yak
  2279 | D:9      | Reached *** piety under Okawaru
  2287 | D:9      | Reached skill level 7 in Maces & Flails
  2293 | D:9      | Killed a yak
  2456 | D:10     | Received a gift from Okawaru
  2497 | D:10     | Gained mutation: Your magical capacity is low (-10% MP). [potion of mutation]
  2497 | D:10     | Gained mutation: Your mind is acute. (Int +2) [potion of mutation]
  2497 | D:10     | Gained mutation: You expend magic power (3 MP) to strengthen your wands. [potion of mutation]
  2498 | D:10     | Noticed a wraith
  2501 | D:10     | Killed a wraith
  2505 | D:10     | Reached skill level 8 in Maces & Flails
  2509 | D:10     | HP: 2/83 [giant frog zombie (4)]
  2510 | D:10     | Slain by a giant frog zombie

Vault maps used:
D:1:      kilobyte_arrival_exit_the_forest
D:2:      grunt_temple_overflow_open, old_standard_altar,
          okawaru_ov_weapons_minmay
D:3:      uniq_jessica
D:4:      minmay_temple_entry_statues, serial_shops, shop_coins, shop,
          first_bread, minmay_misc_feat_plants
D:5:      nicolae_ru_the_path_less_chosen, nicolae_overflow_quartered_altars
D:6:      nicolae_overflow_hidden_temple, serial_shops, shop
D:7:      nicolae_dithmenos_through_a_glass_darkly
D:9:      erik_lair_orcish_takeover, grunt_livestock, uniq_prince_ribbit1
D:10:     uniq_erolcha

Skill      XL: |  1  2  3  4  5  6  7  8 |
---------------+-------------------------+-----
Maces & Flails | 1 2 3 4 5 6 8 |  8.0
Fighting       | 3 4 5 |  5.8
Dodging        | 2 3 |  3.9
Armour         | 1 2 3 4 |  4.5
Invocations    | 1 2 3 4 |  4.0
Throwing       | |  4.0
Stealth        | |  0.7

Action                   |  1- 3 |  4- 6 |  7- 9 || total
-------------------------+-------+-------+-------++-------
Melee: Short sword       |     7 |       |       ||     7
       Whip              |     4 |       |       ||     4
       Flail             |    35 |    68 |    43 ||   146
       Giant club        |       |       |    50 ||    50
Throw: Large rock        |     9 |    12 |    13 ||    34
       Throwing net      |     2 |     3 |     1 ||     6
Invok: Heroism           |       |     1 |     5 ||     6
  Use: Scroll            |     4 |     5 |     9 ||    18
       Potion            |       |     1 |     1 ||     2
 Stab: Sleeping          |       |     1 |     2 ||     3
  Eat: Chunk             |       |     2 |     2 ||     4
       Pizza             |       |       |     3 ||     3
       Beef jerky        |       |       |     1 ||     1
